Bears vs Devils (R1)

Created - March 19, 2023 at 10:44

Goals
1 2 3 T
Bears 0 1 0 1
Devils 1 2 1 4
Shots
1 2 3 T
Bears 6 13 8 27
Devils 6 15 9 30

1st period

1. Devils , Brett Seney 23 (Joonas Donskoi 24, Robbie Russo 8) at 3:35

Penalties :
Ondrej Kase (Bin) for High sticking (Minor) at 0:22, Nicolas Aube-Kubel (Her) for Boarding (Minor) at 11:50

2nd period

2. Bears , Mike Hoffman 16 (Austin Czarnik 7, Tommy Vannelli 22) at 0:56
3. Devils , Ondrej Kase 28 (Brett Howden 13, Jake Bean 11) at 11:16
4. Devils , Miikka Salomaki 32 (Damon Severson 27) at 12:04

Penalties :
Ilya Lyubushkin (Bin) for High sticking (Minor) at 12:43

3rd period

5. Devils , Brett Howden 12 (Damon Severson 28) at 13:19

Penalties :
Ilya Lyubushkin (Bin) for High sticking (Minor) at 0:49, Joonas Donskoi (Bin) for High sticking (Minor) at 7:55, Kerby Rychel (Her) for Tripping (Minor) at 17:19

Goalie Stats

Jake Allen (Her), 26 saves from 30 shots - (0.867), L, 17-18-2, 60:00 minutes
Calvin Pickard (Bin), 26 saves from 27 shots - (0.963), W, 25-10-2, 60:00 minutes

Players Stats for Bears

Player Name              G  A  P  +/- PIM S  H  SB GA TA FO     MP     PP MP  PK MP  
------------------------------------------------------------------------------------
A.J. Jenks               0  0  0  -3  0   2  2  1  1  2  1/1    20:41   3:30   1:29 
Angelo Esposito          0  0  0   1  0   0  3  0  1  0  3/6    13:07   1:00   1:17 
Austin Czarnik           0  1  1   1  0   2  1  0  1  0  0/0    14:05   3:37   0:00 
Austin Wuthrich          0  0  0  -1  0   3  0  1  0  0  0/0     9:21   0:49   0:00 
Derek Forbort            0  0  0  -1  0   0  1  1  0  1  0/0    27:38   3:59   2:25 
Gianluca Curcuruto       0  0  0  -1  0   0  0  0  0  0  0/0    11:36   0:50   0:00 
Jamie McGinn             0  0  0  -1  0   2  3  0  0  0  0/0     9:30   0:49   0:10 
Joey Laleggia            0  0  0  -1  0   1  1  5  0  0  0/0    27:38   3:59   2:25 
Joshua Leivo             0  0  0   0  0   2  0  0  1  0  0/0    18:37   3:30   1:58 
Kerby Rychel             0  0  0   0  2   3  2  0  0  0  0/0    13:24   0:00   0:00 
Michael Prapavessis      0  0  0  -1  0   2  0  1  0  0  0/0    11:36   0:50   0:00 
Mike Hoffman             1  0  1   1  0   3  2  1  0  1  1/1    14:39   3:37   0:18 
Mikko Vainonen           0  0  0  -1  0   1  1  2  0  0  0/0    20:46   3:07   1:33 
Nicolas Aube-Kubel       0  0  0  -3  2   1  1  0  0  0  0/1    16:44   0:00   1:04 
Sam Carrick              0  0  0  -3  0   3  1  0  1  1  12/21  20:58   3:30   1:30 
Tommy Vannelli           0  1  1  -1  0   1  2  2  0  1  0/0    20:46   3:07   1:33 
Vincent Dunn             0  0  0  -1  0   1  1  0  0  0  5/6     8:29   0:00   0:10 
Zach Stepan              0  0  0   0  0   0  1  2  0  1  8/18   16:25   3:26   0:00 

Players Stats for Devils

Player Name              G  A  P  +/- PIM S  H  SB GA TA FO     MP     PP MP  PK MP  
------------------------------------------------------------------------------------
Alan Quine               0  0  0   1  0   7  0  0  0  0  9/17   16:40   1:40   2:45 
Brett Howden             1  1  2   1  0   2  0  0  0  0  2/4     8:22   0:00   0:00 
Brett Seney              1  0  1   0  0   2  4  0  1  1  2/2    13:51   0:04   1:54 
Christian Wolanin        0  0  0   0  0   0  0  0  0  0  0/0    10:39   1:56   0:00 
Conor Garland            0  0  0   1  0   1  1  1  0  0  1/1    13:50   1:40   0:00 
Dalton Thrower           0  0  0   1  0   2  1  2  1  0  0/0    19:01   0:00   3:59 
Damon Severson           0  2  2   2  0   2  1  2  1  1  0/0    25:42   2:02   3:57 
Darren Dietz             0  0  0   1  0   0  0  1  2  3  0/0    19:13   0:00   3:57 
Eeli Tolvanen            0  0  0   1  0   0  0  0  0  0  0/0     8:41   0:04   0:00 
Ilya Lyubushkin          0  0  0   2  4   1  1  4  0  0  0/0    23:20   2:02   1:49 
Jake Bean                0  1  1   0  0   1  0  1  0  0  0/0    12:00   1:56   1:07 
Joonas Donskoi           0  1  1   0  2   1  0  0  0  0  0/0    12:56   0:04   0:55 
Mason Marchment          0  0  0   1  0   0  0  0  0  0  0/0     8:22   0:00   0:00 
Maxime Macenauer         0  0  0   1  0   2  0  1  1  0  9/22   21:51   2:14   4:01 
Miikka Salomaki          1  0  1   1  0   4  0  0  0  0  0/1    18:29   1:40   4:07 
Ondrej Kase              1  0  1   1  2   2  0  0  0  0  0/0    17:35   2:14   0:00 
Reid Boucher             0  0  0   0  0   0  2  1  1  0  1/7    11:54   0:00   0:18 
Robbie Russo             0  1  1   0  0   0  0  0  0  0  0/0     5:41   0:00   1:03 
Valeri Nichushkin        0  0  0   1  0   3  1  0  0  0  0/0    19:15   2:14   1:52 
Wyatt Kalynuk            0  0  0   0  0   0  0  0  0  0  0/0     4:38   0:00   0:00 

3 Stars

1 - Brett Howden (Bin)
2 - Damon Severson (Bin)
3 - Calvin Pickard (Bin)

Power Play

Bears - 0 on 4 Attempt(s) - 0.00%
Devils - 0 on 2 Attempt(s) - 0.00%

Penalty Kill

Bears - 2 on 2 Attempt(s) - 100.00% - Score 0 goal in Penalty Kill
Devils - 4 on 4 Attempt(s) - 100.00% - Score 0 goal in Penalty Kill

Team Stat

Bears - Hits : 22 - Faceoff Wins : 30 - Blocked Shots : 16 - Penalty Minutes : 4
Devils - Hits : 11 - Faceoff Wins : 24 - Blocked Shots : 13 - Penalty Minutes : 8

Official

Referees : Francois St. Laurent and Justin St. Pierre
Linesman : Brian Mach and Michel Cormier

Game Notes

No Game Note

Finance

Level 1 -- Attendance: 2000 (100.00%) -- Ticket Income $70,000
Level 2 -- Attendance: 936 (93.60%) -- Ticket Income $14,040
Total Attendance: 2936 (97.87%)
Total Ticket Income: $84,040
Other Income: $4,202
Total Income: $88,242

Bears

5 vs 5 Forward 
   Center                   Left Wing                Right Wing               Time % Phy DF OF 
 1 Sam Carrick              A.J. Jenks               Nicolas Aube-Kubel       35     0   0  5  
 2 Zach Stepan              Kerby Rychel             Joshua Leivo             30     0   0  5  
 3 Angelo Esposito          Mike Hoffman             Austin Czarnik           25     0   1  4  
 4 Vincent Dunn             Jamie McGinn             Austin Wuthrich          10     0   2  3  

5 vs 5 Defense 
   Defense                  Defense                                           Time % Phy DF OF 
 1 Joey Laleggia            Derek Forbort                                     40     0   2  3  
 2 Mikko Vainonen           Tommy Vannelli                                    30     0   3  2  
 3 Gianluca Curcuruto       Michael Prapavessis                               20     0   4  1  
 4 Joey Laleggia            Derek Forbort                                     10     1   2  2  

PowerPlay Forward 
   Center                   Left Wing                Right Wing               Time % Phy DF OF 
 1 Sam Carrick              A.J. Jenks               Joshua Leivo             60     0   5  0  
 2 Zach Stepan              Mike Hoffman             Austin Czarnik           40     0   0  5  

PowerPlay Defense
   Defense                  Defense                                           Time % Phy DF OF 
 1 Joey Laleggia            Derek Forbort                                     60     0   2  3  
 2 Mikko Vainonen           Tommy Vannelli                                    40     0   2  3  

Penalty Kill 4 Players Forward 
   Center                   Wing                     Time % Phy DF OF 
 1 Nicolas Aube-Kubel       Joshua Leivo             60     0   4  1  
 2 Sam Carrick              Mike Hoffman             40     0   4  1  

Penalty Kill 4 Players Defense
   Defense                  Defense                  Time % Phy DF OF 
 1 Joey Laleggia            Derek Forbort            60     0   4  1  
 2 Mikko Vainonen           Tommy Vannelli           40     0   4  1  

Penalty Kill - 3 Players Forward 
   Forward                                           Time % Phy DF OF 
 1 Sam Carrick                                       60     0   5  0  
 2 Zach Stepan                                       40     0   5  0  

Penalty Kill - 3 Players Defense
   Defense                  Defense                  Time % Phy DF OF 
 1 Joey Laleggia            Derek Forbort            60     0   5  0  
 2 Mikko Vainonen           Tommy Vannelli           40     0   5  0  

4 vs 4 Forward 
   Center                   Wing                     Time % Phy DF OF 
 1 Nicolas Aube-Kubel       Joshua Leivo             60     0   0  5  
 2 Sam Carrick              Mike Hoffman             40     0   0  5  

4 vs 4 Defense
   Defense                  Defense                  Time % Phy DF OF 
 1 Joey Laleggia            Derek Forbort            60     0   2  3  
 2 Mikko Vainonen           Tommy Vannelli           40     0   2  3  

Last Minutes Offensive
   Center                   Left Wing                Right Wing               Defense                  Defense                  
   Sam Carrick              A.J. Jenks               Nicolas Aube-Kubel       Joey Laleggia            Derek Forbort            

Last Minutes Defensive
   Center                   Left Wing                Right Wing               Defense                  Defense                  
   Sam Carrick              Jamie McGinn             Nicolas Aube-Kubel       Joey Laleggia            Derek Forbort            

Goaltenders
Starting : Jake Allen               
Backup : Sami Aittokallio         

Extra Forwards
Normal : Sam Carrick, A.J. Jenks, Joshua Leivo - PP : Sam Carrick, Austin Czarnik - PK : Sam Carrick
Extra Defensemen
Normal : Joey Laleggia, Derek Forbort, Gianluca Curcuruto - PP : Joey Laleggia - PK : Joey Laleggia, Derek Forbort
Penalty Shots
Joshua Leivo, Nicolas Aube-Kubel, A.J. Jenks, Sam Carrick, Jamie McGinn

Scratches
Brett Bulmer (Healthy), Colby Cave (Healthy), Emil Johansson (Healthy), Jesper Pettersson (Healthy), David Farrance (Healthy)
Mackenze Stewart (Healthy), Zack Hayes (Healthy), Jacob Bryson (Healthy), Mario Ferraro (Healthy), Will Reilly (Healthy)
Kristians Rubins (Healthy), Nikolay Prokhorkin (Healthy), Ryan Graves (Healthy), Isaac Ratcliffe (Healthy), Cole Smith (Healthy)
Warren Foegele (Healthy), Logan O'Connor (Healthy), Nicholas Caamano (Healthy), Jakob Stenqvist (Healthy), Arvid Henrikson (Healthy)
Kirill Maksimov (Healthy)

Devils

5 vs 5 Forward 
   Center                   Left Wing                Right Wing               Time % Phy DF OF 
 1 Maxime Macenauer         Valeri Nichushkin        Ondrej Kase              35     0   2  3  
 2 Alan Quine               Miikka Salomaki          Conor Garland            30     0   2  3  
 3 Reid Boucher             Brett Seney              Joonas Donskoi           25     0   2  3  
 4 Brett Howden             Mason Marchment          Eeli Tolvanen            10     0   2  3  

5 vs 5 Defense 
   Defense                  Defense                                           Time % Phy DF OF 
 1 Damon Severson           Ilya Lyubushkin                                   40     0   3  2  
 2 Dalton Thrower           Darren Dietz                                      30     0   3  2  
 3 Christian Wolanin        Jake Bean                                         20     0   3  2  
 4 Robbie Russo             Wyatt Kalynuk                                     10     0   3  2  

PowerPlay Forward 
   Center                   Left Wing                Right Wing               Time % Phy DF OF 
 1 Maxime Macenauer         Valeri Nichushkin        Ondrej Kase              60     0   0  5  
 2 Alan Quine               Miikka Salomaki          Conor Garland            40     0   0  5  

PowerPlay Defense
   Defense                  Defense                                           Time % Phy DF OF 
 1 Damon Severson           Ilya Lyubushkin                                   60     0   1  4  
 2 Jake Bean                Christian Wolanin                                 40     0   1  4  

Penalty Kill 4 Players Forward 
   Center                   Wing                     Time % Phy DF OF 
 1 Maxime Macenauer         Miikka Salomaki          60     1   3  1  
 2 Alan Quine               Valeri Nichushkin        40     1   3  1  

Penalty Kill 4 Players Defense
   Defense                  Defense                  Time % Phy DF OF 
 1 Damon Severson           Darren Dietz             60     1   4  0  
 2 Dalton Thrower           Ilya Lyubushkin          40     1   4  0  

Penalty Kill - 3 Players Forward 
   Forward                                           Time % Phy DF OF 
 1 Maxime Macenauer                                  60     1   3  1  
 2 Alan Quine                                        40     1   3  1  

Penalty Kill - 3 Players Defense
   Defense                  Defense                  Time % Phy DF OF 
 1 Damon Severson           Darren Dietz             60     1   4  0  
 2 Dalton Thrower           Ilya Lyubushkin          40     1   4  0  

4 vs 4 Forward 
   Center                   Wing                     Time % Phy DF OF 
 1 Maxime Macenauer         Ondrej Kase              60     0   2  3  
 2 Alan Quine               Miikka Salomaki          40     0   2  3  

4 vs 4 Defense
   Defense                  Defense                  Time % Phy DF OF 
 1 Damon Severson           Ilya Lyubushkin          60     0   3  2  
 2 Dalton Thrower           Darren Dietz             40     0   3  2  

Last Minutes Offensive
   Center                   Left Wing                Right Wing               Defense                  Defense                  
   Maxime Macenauer         Valeri Nichushkin        Ondrej Kase              Damon Severson           Darren Dietz             

Last Minutes Defensive
   Center                   Left Wing                Right Wing               Defense                  Defense                  
   Maxime Macenauer         Miikka Salomaki          Ondrej Kase              Ilya Lyubushkin          Darren Dietz             

Goaltenders
Starting : Calvin Pickard           
Backup : Juuse Saros              

Extra Forwards
Normal : Joonas Donskoi, Alan Quine, Reid Boucher - PP : Joonas Donskoi, Alan Quine - PK : Joonas Donskoi
Extra Defensemen
Normal : Robbie Russo, Jake Bean, Wyatt Kalynuk - PP : Robbie Russo - PK : Robbie Russo, Jake Bean
Penalty Shots
Miikka Salomaki, Ondrej Kase, Maxime Macenauer, Valeri Nichushkin, Joonas Donskoi

Scratches
Cristiano Digiacinto (Healthy), Jonny Brodzinski (Healthy), Vincent Desharnais (Healthy)

% Time on Ice - Bears

Lines # - Real PCT - Wanted PCT - Time Play
Normal Forward
1 - 33% - 35% - 15:54
2 - 28% - 30% - 13:30
3 - 22% - 25% - 10:23
4 - 17% - 10% - 8:19
Normal Defense
1 - 40% - 40% - 19:11
2 - 33% - 30% - 16:06
3 - 22% - 20% - 10:46
4 - 4% - 10% - 2:03
PP Forward
1 - 51% - 60% - 4:03
2 - 49% - 40% - 3:53
PP Defense
1 - 61% - 60% - 4:49
2 - 39% - 40% - 3:07
PK Forward
1 - 92% - 60% - 3:40
2 - 8% - 40% - 0:18
PK Defense
1 - 61% - 60% - 2:25
2 - 39% - 40% - 1:33
PK3 Forward
1 - 0% - 60%
2 - 0% - 40%
PK3 Defense
1 - 0% - 60%
2 - 0% - 40%
44 Forward
1 - 0% - 60%
2 - 0% - 40%
44 Defense
1 - 0% - 60%
2 - 0% - 40%
Last Minute Offensive  - 0:00
Last Minute Defensive  - 0:00
Total
Forward - 60:00
Defense - 60:00

% Time on Ice - Devils

Lines # - Real PCT - Wanted PCT - Time Play
Normal Forward
1 - 33% - 35% - 15:58
2 - 25% - 30% - 12:10
3 - 24% - 25% - 11:36
4 - 17% - 10% - 8:22
Normal Defense
1 - 41% - 40% - 19:43
2 - 31% - 30% - 15:04
3 - 18% - 20% - 8:41
4 - 10% - 10% - 4:38
PP Forward
1 - 58% - 60% - 2:18
2 - 42% - 40% - 1:40
PP Defense
1 - 51% - 60% - 2:02
2 - 49% - 40% - 1:56
PK Forward
1 - 76% - 60% - 6:04
2 - 24% - 40% - 1:52
PK Defense
1 - 50% - 60% - 3:57
2 - 50% - 40% - 3:59
PK3 Forward
1 - 0% - 60%
2 - 0% - 40%
PK3 Defense
1 - 0% - 60%
2 - 0% - 40%
44 Forward
1 - 0% - 60%
2 - 0% - 40%
44 Defense
1 - 0% - 60%
2 - 0% - 40%
Last Minute Offensive  - 0:00
Last Minute Defensive  - 0:00
Total
Forward - 60:00
Defense - 60:00

Play-by-Play

1st period


0:01 of 1st period - Maxime Macenauer wins face-off versus Sam Carrick in neutral zone.
0:03 of 1st period - Damon Severson is hit by A.J. Jenks and loses puck.
0:22 of 1st period - Minor Penalty to Ondrej Kase for High sticking.
0:23 of 1st period - Maxime Macenauer wins face-off versus Sam Carrick in Devils zone.
0:23 of 1st period - Maxime Macenauer is hit by Derek Forbort.
0:35 of 1st period - Snap shot by Miikka Salomaki.
0:35 of 1st period - Shot Blocked by Joey Laleggia.
0:51 of 1st period - Snap shot by Joshua Leivo.
0:51 of 1st period - Shot Misses the Net.
0:53 of 1st period - Wrist shot by Zach Stepan.
0:53 of 1st period - Shot Misses the Net.
0:55 of 1st period - Slapshot by Joey Laleggia.
0:55 of 1st period - Shot Blocked by Darren Dietz.
2:19 of 1st period - Damon Severson is hit by Tommy Vannelli and loses puck.
2:22 of 1st period - Penalty to Ondrej Kase is over, Ondrej Kase is back on ice.
2:52 of 1st period - Slapshot by Damon Severson.
2:52 of 1st period - Stopped by Jake Allen without a rebound.
2:53 of 1st period - Brett Howden wins face-off versus Vincent Dunn in Bears zone.
3:10 of 1st period - Jake Bean is hit by Mikko Vainonen and loses puck.
3:35 of 1st period - Backhand shot by Brett Seney.
3:35 of 1st period - Goal by Brett Seney - Bears : 0 - Devils : 1.
3:36 of 1st period - Zach Stepan wins face-off versus Alan Quine in neutral zone.
4:07 of 1st period - Off-side.
4:08 of 1st period - Sam Carrick wins face-off versus Alan Quine in neutral zone.
4:13 of 1st period - Wrist shot by Sam Carrick.
4:13 of 1st period - Shot Misses the Net.
4:15 of 1st period - Slapshot by Tommy Vannelli.
4:15 of 1st period - Shot Blocked by Damon Severson.
4:17 of 1st period - Slapshot by Mikko Vainonen.
4:17 of 1st period - Shot Misses the Net.
4:19 of 1st period - Snap shot by Mikko Vainonen.
4:19 of 1st period - Shot Misses the Net.
4:21 of 1st period - Slapshot by Tommy Vannelli.
4:21 of 1st period - Shot Blocked by Ilya Lyubushkin.
4:23 of 1st period - Wrist shot by Sam Carrick.
4:23 of 1st period - Stopped by Calvin Pickard without a rebound.
4:24 of 1st period - Zach Stepan wins face-off versus Reid Boucher in Devils zone.
4:31 of 1st period - Snap shot by Kerby Rychel.
4:31 of 1st period - Shot Blocked by Reid Boucher.
4:49 of 1st period - Maxime Macenauer is hit by Austin Czarnik and loses puck.
5:18 of 1st period - Wrist shot by Miikka Salomaki.
5:18 of 1st period - Stopped by Jake Allen without a rebound.
5:19 of 1st period - Zach Stepan wins face-off versus Reid Boucher in Bears zone.
5:19 of 1st period - Zach Stepan is hit by Reid Boucher.
5:27 of 1st period - Joonas Donskoi is hit by Kerby Rychel and loses puck.
6:12 of 1st period - Snap shot by Ondrej Kase.
6:12 of 1st period - Shot Blocked by Mike Hoffman.
6:26 of 1st period - Slapshot by Mason Marchment.
6:26 of 1st period - Deflect By Joonas Donskoi.
6:26 of 1st period - Deflect By Mikko Vainonen.
6:26 of 1st period - Shot Misses the Net.
6:26 of 1st period - Puck is out of play.
6:27 of 1st period - Vincent Dunn wins face-off versus Reid Boucher in Bears zone.
7:32 of 1st period - Wrist shot by Damon Severson.
7:32 of 1st period - Shot Misses the Net.
7:34 of 1st period - Wrist shot by Brett Howden.
7:34 of 1st period - Shot Misses the Net.
9:20 of 1st period - Jamie McGinn is hit by Reid Boucher and loses puck.
9:41 of 1st period - Wrist shot by Joshua Leivo.
9:41 of 1st period - Stopped by Calvin Pickard without a rebound.
9:42 of 1st period - Zach Stepan wins face-off versus Maxime Macenauer in Devils zone.
9:53 of 1st period - Snap shot by Valeri Nichushkin.
9:53 of 1st period - Shot Blocked by Zach Stepan.
9:55 of 1st period - Slapshot by Jake Bean.
9:55 of 1st period - Stopped by Jake Allen without a rebound.
9:56 of 1st period - Conor Garland wins face-off versus Sam Carrick in Bears zone.
10:26 of 1st period - Snap shot by Maxime Macenauer.
10:26 of 1st period - Stopped by Jake Allen with a rebound.
10:28 of 1st period - Slapshot by Maxime Macenauer.
10:28 of 1st period - Shot Blocked by Tommy Vannelli.
10:30 of 1st period - Snap shot by Ondrej Kase.
10:30 of 1st period - Shot Misses the Net.
10:32 of 1st period - Snap shot by Ondrej Kase.
10:32 of 1st period - Stopped by Jake Allen without a rebound.
10:33 of 1st period - Sam Carrick wins face-off versus Reid Boucher in Bears zone.
10:42 of 1st period - Snap shot by Nicolas Aube-Kubel.
10:42 of 1st period - Shot Misses the Net.
10:48 of 1st period - A.J. Jenks is hit by Brett Seney and loses puck.
11:21 of 1st period - Backhand shot by Kerby Rychel.
11:21 of 1st period - Stopped by Calvin Pickard without a rebound.
11:22 of 1st period - Maxime Macenauer wins face-off versus Zach Stepan in Devils zone.
11:37 of 1st period - Snap shot by Joshua Leivo.
11:37 of 1st period - Stopped by Calvin Pickard with a rebound.
11:50 of 1st period - Minor Penalty to Nicolas Aube-Kubel for Boarding.
11:51 of 1st period - Sam Carrick wins face-off versus Maxime Macenauer in Bears zone.
12:00 of 1st period - Slapshot by Damon Severson.
12:00 of 1st period - Shot Blocked by Derek Forbort.
12:18 of 1st period - Alan Quine is hit by Angelo Esposito and loses puck.
12:47 of 1st period - A.J. Jenks is hit by Conor Garland and loses puck.
13:50 of 1st period - Penalty to Nicolas Aube-Kubel is over, Nicolas Aube-Kubel is back on ice.
14:24 of 1st period - Icing by Dalton Thrower.
14:25 of 1st period - Vincent Dunn wins face-off versus Brett Howden in Devils zone.
14:26 of 1st period - Snap shot by Jamie McGinn.
14:26 of 1st period - Stopped by Calvin Pickard without a rebound.
14:27 of 1st period - Vincent Dunn wins face-off versus Miikka Salomaki in Devils zone.
14:28 of 1st period - Snap shot by Jamie McGinn.
14:28 of 1st period - Shot Blocked by Damon Severson.
16:01 of 1st period - Icing by Gianluca Curcuruto.
16:02 of 1st period - Maxime Macenauer wins face-off versus Angelo Esposito in Bears zone.
16:29 of 1st period - Slapshot by Austin Czarnik.
16:29 of 1st period - Shot Misses the Net.
16:31 of 1st period - Snap shot by Michael Prapavessis.
16:31 of 1st period - Stopped by Calvin Pickard without a rebound.
16:32 of 1st period - Alan Quine wins face-off versus Sam Carrick in Devils zone.
16:38 of 1st period - Off-side.
16:39 of 1st period - Alan Quine wins face-off versus Sam Carrick in neutral zone.
18:05 of 1st period - Gianluca Curcuruto is hit by Damon Severson and loses puck.
18:12 of 1st period - Wrist shot by Miikka Salomaki.
18:12 of 1st period - Shot Misses the Net.
18:59 of 1st period - Snap shot by Joonas Donskoi.
18:59 of 1st period - Deflect By Brett Seney.
18:59 of 1st period - Shot Misses the Net.
18:59 of 1st period - Puck is out of play.
19:00 of 1st period - Brett Seney wins face-off versus Sam Carrick in Bears zone.
19:09 of 1st period - Snap shot by Brett Seney.
19:09 of 1st period - Shot Misses the Net.
19:11 of 1st period - Snap shot by Damon Severson.
19:11 of 1st period - Shot Hit the Post.
19:13 of 1st period - Snap shot by Joonas Donskoi.
19:13 of 1st period - Shot Blocked by Joey Laleggia.
19:47 of 1st period - Wrist shot by Brett Seney.
19:47 of 1st period - Shot Misses the Net.
Goals for this period are 0 for Bears vs 1 for Devils.
Shots for this period are 6 for Bears vs 6 for Devils.

2nd period


0:01 of 2nd period - Sam Carrick wins face-off versus Maxime Macenauer in neutral zone.
0:48 of 2nd period - Snap shot by Darren Dietz.
0:48 of 2nd period - Shot Blocked by Mikko Vainonen.
0:56 of 2nd period - Wrist shot by Mike Hoffman.
0:56 of 2nd period - Goal by Mike Hoffman - Bears : 1 - Devils : 1.
0:57 of 2nd period - Sam Carrick wins face-off versus Maxime Macenauer in neutral zone.
1:04 of 2nd period - Wrist shot by Nicolas Aube-Kubel.
1:04 of 2nd period - Shot Misses the Net.
1:06 of 2nd period - Slapshot by Joey Laleggia.
1:06 of 2nd period - Stopped by Calvin Pickard with a rebound.
1:29 of 2nd period - Valeri Nichushkin is hit by Angelo Esposito and loses puck.
1:40 of 2nd period - Slapshot by Maxime Macenauer.
1:40 of 2nd period - Stopped by Jake Allen with a rebound.
1:42 of 2nd period - Slapshot by Dalton Thrower.
1:42 of 2nd period - Shot Misses the Net.
1:44 of 2nd period - Slapshot by Darren Dietz.
1:44 of 2nd period - Shot Misses the Net.
2:07 of 2nd period - Joey Laleggia is hit by Valeri Nichushkin and loses puck.
2:12 of 2nd period - Snap shot by Ondrej Kase.
2:12 of 2nd period - Shot Hit the Post.
2:33 of 2nd period - Icing by Nicolas Aube-Kubel.
2:34 of 2nd period - Alan Quine wins face-off versus Sam Carrick in Bears zone.
2:45 of 2nd period - Slapshot by Miikka Salomaki.
2:45 of 2nd period - Shot Misses the Net.
2:47 of 2nd period - Wrist shot by Alan Quine.
2:47 of 2nd period - Shot Misses the Net.
2:49 of 2nd period - Snap shot by Miikka Salomaki.
2:49 of 2nd period - Shot Misses the Net.
3:28 of 2nd period - Slapshot by Dalton Thrower.
3:28 of 2nd period - Stopped by Jake Allen without a rebound.
3:29 of 2nd period - Sam Carrick wins face-off versus Alan Quine in Bears zone.
4:00 of 2nd period - Wrist shot by Kerby Rychel.
4:00 of 2nd period - Stopped by Calvin Pickard without a rebound.
4:01 of 2nd period - Brett Seney wins face-off versus Zach Stepan in Devils zone.
4:01 of 2nd period - Brett Seney is hit by Joey Laleggia.
4:17 of 2nd period - Wrist shot by Kerby Rychel.
4:17 of 2nd period - Stopped by Calvin Pickard with a rebound.
4:53 of 2nd period - Snap shot by Austin Wuthrich.
4:53 of 2nd period - Stopped by Calvin Pickard without a rebound.
4:54 of 2nd period - Vincent Dunn wins face-off versus Alan Quine in Devils zone.
5:43 of 2nd period - Slapshot by Ilya Lyubushkin.
5:43 of 2nd period - Stopped by Jake Allen without a rebound.
5:44 of 2nd period - Brett Howden wins face-off versus Zach Stepan in Bears zone.
5:51 of 2nd period - Snap shot by Brett Howden.
5:51 of 2nd period - Shot Misses the Net.
6:31 of 2nd period - Slapshot by Miikka Salomaki.
6:31 of 2nd period - Shot Misses the Net.
6:33 of 2nd period - Snap shot by Alan Quine.
6:33 of 2nd period - Stopped by Jake Allen with a rebound.
6:35 of 2nd period - Slapshot by Robbie Russo.
6:35 of 2nd period - Shot Blocked by Joey Laleggia.
6:37 of 2nd period - Wrist shot by Alan Quine.
6:37 of 2nd period - Stopped by Jake Allen without a rebound.
6:38 of 2nd period - Sam Carrick wins face-off versus Maxime Macenauer in Bears zone.
7:05 of 2nd period - Slapshot by Austin Czarnik.
7:05 of 2nd period - Stopped by Calvin Pickard with a rebound.
7:07 of 2nd period - Snap shot by Austin Czarnik.
7:07 of 2nd period - Shot Misses the Net.
7:09 of 2nd period - Snap shot by Angelo Esposito.
7:09 of 2nd period - Shot Blocked by Ilya Lyubushkin.
7:11 of 2nd period - Snap shot by Austin Czarnik.
7:11 of 2nd period - Stopped by Calvin Pickard with a rebound.
7:13 of 2nd period - Backhand shot by Michael Prapavessis.
7:13 of 2nd period - Stopped by Calvin Pickard without a rebound.
7:14 of 2nd period - Alan Quine wins face-off versus Zach Stepan in Devils zone.
7:48 of 2nd period - Snap shot by Brett Seney.
7:48 of 2nd period - Stopped by Jake Allen with a rebound.
7:58 of 2nd period - Slapshot by Joey Laleggia.
7:58 of 2nd period - Shot Blocked by Ilya Lyubushkin.
8:00 of 2nd period - Backhand shot by Joey Laleggia.
8:00 of 2nd period - Shot Blocked by Ilya Lyubushkin.
8:08 of 2nd period - Wrist shot by Mike Hoffman.
8:08 of 2nd period - Shot Misses the Net.
8:24 of 2nd period - Valeri Nichushkin is hit by Jamie McGinn.
8:47 of 2nd period - Slapshot by Darren Dietz.
8:47 of 2nd period - Shot Blocked by Michael Prapavessis.
9:48 of 2nd period - Wrist shot by Miikka Salomaki.
9:48 of 2nd period - Stopped by Jake Allen without a rebound.
9:49 of 2nd period - Alan Quine wins face-off versus Zach Stepan in Bears zone.
9:56 of 2nd period - Snap shot by Alan Quine.
9:56 of 2nd period - Stopped by Jake Allen with a rebound.
9:58 of 2nd period - Slapshot by Ilya Lyubushkin.
9:58 of 2nd period - Shot Blocked by Joey Laleggia.
10:00 of 2nd period - Snap shot by Alan Quine.
10:00 of 2nd period - Shot Misses the Net.
10:02 of 2nd period - Snap shot by Miikka Salomaki.
10:02 of 2nd period - Shot Misses the Net.
10:04 of 2nd period - Wrist shot by Alan Quine.
10:04 of 2nd period - Stopped by Jake Allen without a rebound.
10:05 of 2nd period - A.J. Jenks wins face-off versus Maxime Macenauer in Bears zone.
11:16 of 2nd period - Snap shot by Ondrej Kase.
11:16 of 2nd period - Goal by Ondrej Kase - Bears : 1 - Devils : 2.
11:17 of 2nd period - Sam Carrick wins face-off versus Maxime Macenauer in neutral zone.
11:52 of 2nd period - Snap shot by Nicolas Aube-Kubel.
11:52 of 2nd period - Stopped by Calvin Pickard with a rebound.
12:04 of 2nd period - Slapshot by Miikka Salomaki.
12:04 of 2nd period - Goal by Miikka Salomaki - Bears : 1 - Devils : 3.
12:05 of 2nd period - Zach Stepan wins face-off versus Alan Quine in neutral zone.
12:43 of 2nd period - Minor Penalty to Ilya Lyubushkin for High sticking.
12:44 of 2nd period - Maxime Macenauer wins face-off versus Sam Carrick in Devils zone.
12:52 of 2nd period - Wrist shot by A.J. Jenks.
12:52 of 2nd period - Shot Misses the Net.
12:54 of 2nd period - Slapshot by Sam Carrick.
12:54 of 2nd period - Shot Misses the Net.
12:56 of 2nd period - Snap shot by Sam Carrick.
12:56 of 2nd period - Stopped by Calvin Pickard with a rebound.
13:10 of 2nd period - Miikka Salomaki is hit by Mike Hoffman and loses puck.
13:25 of 2nd period - Wrist shot by Alan Quine.
13:25 of 2nd period - Shot Misses the Net.
14:43 of 2nd period - Penalty to Ilya Lyubushkin is over, Ilya Lyubushkin is back on ice.
14:47 of 2nd period - Icing by Dalton Thrower.
14:48 of 2nd period - Vincent Dunn wins face-off versus Maxime Macenauer in Devils zone.
14:56 of 2nd period - Off-side.
14:57 of 2nd period - Angelo Esposito wins face-off versus Reid Boucher in neutral zone.
15:42 of 2nd period - Wrist shot by Jamie McGinn.
15:42 of 2nd period - Stopped by Calvin Pickard without a rebound.
15:43 of 2nd period - Sam Carrick wins face-off versus Maxime Macenauer in Devils zone.
15:54 of 2nd period - Slapshot by Valeri Nichushkin.
15:54 of 2nd period - Stopped by Jake Allen with a rebound.
16:13 of 2nd period - Slapshot by Conor Garland.
16:13 of 2nd period - Stopped by Jake Allen with a rebound.
16:45 of 2nd period - Derek Forbort is hit by Dalton Thrower and loses puck.
16:50 of 2nd period - Snap shot by Brett Howden.
16:50 of 2nd period - Shot Blocked by Joey Laleggia.
16:52 of 2nd period - Slapshot by Jake Bean.
16:52 of 2nd period - Shot Blocked by Austin Wuthrich.
16:54 of 2nd period - Snap shot by Brett Howden.
16:54 of 2nd period - Stopped by Jake Allen with a rebound.
17:14 of 2nd period - Snap shot by Sam Carrick.
17:14 of 2nd period - Shot Misses the Net.
17:16 of 2nd period - Snap shot by A.J. Jenks.
17:16 of 2nd period - Shot Blocked by Jake Bean.
18:14 of 2nd period - Wrist shot by Austin Wuthrich.
18:14 of 2nd period - Stopped by Calvin Pickard without a rebound.
18:15 of 2nd period - Sam Carrick wins face-off versus Maxime Macenauer in Devils zone.
18:22 of 2nd period - Wrist shot by Nicolas Aube-Kubel.
18:22 of 2nd period - Shot Hit the Post.
18:24 of 2nd period - Snap shot by Sam Carrick.
18:24 of 2nd period - Shot Blocked by Dalton Thrower.
18:26 of 2nd period - Wrist shot by A.J. Jenks.
18:26 of 2nd period - Shot Misses the Net.
18:28 of 2nd period - Slapshot by Mikko Vainonen.
18:28 of 2nd period - Stopped by Calvin Pickard without a rebound.
18:29 of 2nd period - Alan Quine wins face-off versus Zach Stepan in Devils zone.
18:34 of 2nd period - Snap shot by Miikka Salomaki.
18:34 of 2nd period - Stopped by Jake Allen with a rebound.
Goals for this period are 1 for Bears vs 2 for Devils.
Shots for this period are 13 for Bears vs 15 for Devils.

3rd period


0:01 of 3rd period - Sam Carrick wins face-off versus Maxime Macenauer in neutral zone.
0:05 of 3rd period - Icing by Maxime Macenauer.
0:06 of 3rd period - Sam Carrick wins face-off versus Maxime Macenauer in Devils zone.
0:30 of 3rd period - Wrist shot by A.J. Jenks.
0:30 of 3rd period - Stopped by Calvin Pickard with a rebound.
0:33 of 3rd period - Icing by Damon Severson.
0:34 of 3rd period - Maxime Macenauer wins face-off versus Zach Stepan in Devils zone.
0:34 of 3rd period - Maxime Macenauer is hit by Kerby Rychel.
0:49 of 3rd period - Minor Penalty to Ilya Lyubushkin for High sticking.
0:50 of 3rd period - Maxime Macenauer wins face-off versus Sam Carrick in Devils zone.
1:15 of 3rd period - Maxime Macenauer is hit by Mike Hoffman and loses puck.
1:24 of 3rd period - Wrist shot by Mike Hoffman.
1:24 of 3rd period - Stopped by Calvin Pickard with a rebound.
1:26 of 3rd period - Slapshot by Tommy Vannelli.
1:26 of 3rd period - Shot Blocked by Maxime Macenauer.
2:49 of 3rd period - Penalty to Ilya Lyubushkin is over, Ilya Lyubushkin is back on ice.
3:55 of 3rd period - Icing by Joey Laleggia.
3:56 of 3rd period - Angelo Esposito wins face-off versus Brett Howden in Bears zone.
4:19 of 3rd period - Derek Forbort is hit by Brett Seney and loses puck.
4:34 of 3rd period - Wrist shot by Austin Wuthrich.
4:34 of 3rd period - Shot Misses the Net.
4:36 of 3rd period - Slapshot by Sam Carrick.
4:36 of 3rd period - Shot Blocked by Dalton Thrower.
4:38 of 3rd period - Slapshot by Joey Laleggia.
4:38 of 3rd period - Shot Blocked by Conor Garland.
4:58 of 3rd period - Eeli Tolvanen is hit by A.J. Jenks and loses puck.
5:51 of 3rd period - Snap shot by Sam Carrick.
5:51 of 3rd period - Shot Misses the Net.
5:53 of 3rd period - Wrist shot by A.J. Jenks.
5:53 of 3rd period - Stopped by Calvin Pickard with a rebound.
6:11 of 3rd period - Snap shot by A.J. Jenks.
6:11 of 3rd period - Shot Misses the Net.
6:47 of 3rd period - Wrist shot by Sam Carrick.
6:47 of 3rd period - Stopped by Calvin Pickard without a rebound.
6:48 of 3rd period - Alan Quine wins face-off versus Zach Stepan in Devils zone.
6:48 of 3rd period - Alan Quine is hit by Zach Stepan.
6:54 of 3rd period - Slapshot by Miikka Salomaki.
6:54 of 3rd period - Shot Blocked by Mikko Vainonen.
6:56 of 3rd period - Wrist shot by Alan Quine.
6:56 of 3rd period - Shot Blocked by Zach Stepan.
6:58 of 3rd period - Slapshot by Dalton Thrower.
6:58 of 3rd period - Stopped by Jake Allen with a rebound.
7:00 of 3rd period - Slapshot by Alan Quine.
7:00 of 3rd period - Stopped by Jake Allen without a rebound.
7:01 of 3rd period - Zach Stepan wins face-off versus Alan Quine in Bears zone.
7:55 of 3rd period - Minor Penalty to Joonas Donskoi for High sticking.
7:56 of 3rd period - Zach Stepan wins face-off versus Maxime Macenauer in Devils zone.
7:58 of 3rd period - Snap shot by Mike Hoffman.
7:58 of 3rd period - Stopped by Calvin Pickard with a rebound.
8:00 of 3rd period - Slapshot by Tommy Vannelli.
8:00 of 3rd period - Stopped by Calvin Pickard with a rebound.
8:36 of 3rd period - Valeri Nichushkin is hit by Tommy Vannelli and loses puck.
9:03 of 3rd period - Austin Czarnik is hit by Ilya Lyubushkin and loses puck.
9:23 of 3rd period - Damon Severson is hit by Sam Carrick and loses puck.
9:55 of 3rd period - Penalty to Joonas Donskoi is over, Joonas Donskoi is back on ice.
10:05 of 3rd period - Eeli Tolvanen is hit by Vincent Dunn.
10:09 of 3rd period - Brett Howden is hit by Jamie McGinn and loses puck.
10:16 of 3rd period - Brett Howden is hit by Jamie McGinn.
11:01 of 3rd period - Wrist shot by Austin Wuthrich.
11:01 of 3rd period - Stopped by Calvin Pickard with a rebound.
11:03 of 3rd period - Snap shot by Vincent Dunn.
11:03 of 3rd period - Stopped by Calvin Pickard without a rebound.
11:04 of 3rd period - Mike Hoffman wins face-off versus Alan Quine in Devils zone.
11:19 of 3rd period - Snap shot by Austin Czarnik.
11:19 of 3rd period - Deflect By Mike Hoffman.
11:19 of 3rd period - Shot Misses the Net.
11:19 of 3rd period - Puck is out of play.
11:20 of 3rd period - Zach Stepan wins face-off versus Reid Boucher in Devils zone.
11:35 of 3rd period - Wrist shot by Joonas Donskoi.
11:35 of 3rd period - Stopped by Jake Allen without a rebound.
11:36 of 3rd period - Alan Quine wins face-off versus Angelo Esposito in Bears zone.
13:19 of 3rd period - Slapshot by Brett Howden.
13:19 of 3rd period - Goal by Brett Howden - Bears : 1 - Devils : 4.
13:20 of 3rd period - Angelo Esposito wins face-off versus Alan Quine in neutral zone.
14:11 of 3rd period - Backhand shot by Joonas Donskoi.
14:11 of 3rd period - Shot Misses the Net.
14:35 of 3rd period - Backhand shot by Dalton Thrower.
14:35 of 3rd period - Shot Misses the Net.
14:51 of 3rd period - Snap shot by Alan Quine.
14:51 of 3rd period - Shot Misses the Net.
15:07 of 3rd period - Slapshot by Valeri Nichushkin.
15:07 of 3rd period - Stopped by Jake Allen with a rebound.
15:29 of 3rd period - Nicolas Aube-Kubel is hit by Brett Seney and loses puck.
15:38 of 3rd period - Sam Carrick is hit by Brett Seney and loses puck.
15:57 of 3rd period - Wrist shot by Alan Quine.
15:57 of 3rd period - Stopped by Jake Allen with a rebound.
15:59 of 3rd period - Wrist shot by Damon Severson.
15:59 of 3rd period - Stopped by Jake Allen with a rebound.
16:01 of 3rd period - Wrist shot by Alan Quine.
16:01 of 3rd period - Stopped by Jake Allen without a rebound.
16:02 of 3rd period - Maxime Macenauer wins face-off versus Zach Stepan in Bears zone.
16:28 of 3rd period - Icing by Mike Hoffman.
16:29 of 3rd period - Alan Quine wins face-off versus Angelo Esposito in Bears zone.
17:04 of 3rd period - Wrist shot by Ondrej Kase.
17:04 of 3rd period - Shot Blocked by A.J. Jenks.
17:06 of 3rd period - Slapshot by Maxime Macenauer.
17:06 of 3rd period - Deflect By Valeri Nichushkin.
17:06 of 3rd period - Stopped by Jake Allen without a rebound.
17:07 of 3rd period - Reid Boucher wins face-off versus Zach Stepan in Bears zone.
17:10 of 3rd period - Snap shot by Reid Boucher.
17:10 of 3rd period - Shot Misses the Net.
17:12 of 3rd period - Slapshot by Damon Severson.
17:12 of 3rd period - Shot Misses the Net.
17:14 of 3rd period - Snap shot by Reid Boucher.
17:14 of 3rd period - Shot Blocked by Tommy Vannelli.
17:19 of 3rd period - Minor Penalty to Kerby Rychel for Tripping.
17:20 of 3rd period - Maxime Macenauer wins face-off versus Nicolas Aube-Kubel in Bears zone.
17:54 of 3rd period - Conor Garland is hit by Nicolas Aube-Kubel and loses puck.
18:52 of 3rd period - Jake Bean is hit by Angelo Esposito and loses puck.
19:19 of 3rd period - Penalty to Kerby Rychel is over, Kerby Rychel is back on ice.
Goals for this period are 0 for Bears vs 1 for Devils.
Shots for this period are 8 for Bears vs 9 for Devils.